 Dungeon Crawl Stone Soup version 0.29.0-11-gd7f09526c8 (webtiles) character file.

Game seed: 10156307458458446568

306 concernfroge the Trooper (level 6, -3/55 HPs)
             Began as a Mummy Monk on Sept 4, 2022.
             Slain by an ice beast (11 damage)
             ... on level 4 of the Dungeon.
             The game lasted 00:10:09 (4306 turns).

concernfroge the Trooper (Mummy Monk)               Turns: 4306, Time: 00:10:10

Health: -3/55      AC: 13    Str: 20    XL:     6   Next: 16%
Magic:  6/6        EV: 10    Int:  9    God:
Gold:   247        SH:  0    Dex: 14    Spells: 5/5 levels left

rFire   . . .      SeeInvis +   k - +1 halberd
rCold   . . .      Faith    .   (shield currently unavailable)
rNeg    + + +      Spirit   .   i - +5 scale mail of Limitation {rF+ rC- Str+3}
rPois   ∞          Reflect  .   (no helmet)
rElec   .          Harm     .   g - +1 cloak
rCorr   .          Rampage  .   (no gloves)
Will    .....                   (no boots)
Stlth   ..........              (no amulet)
HPRegen 0.18/turn               (no ring)
MPRegen 0.10/turn               j - ring of see invisible

@: no status effects
A: cold resistance 1, negative energy resistance 3, torment resistance 2, heat
vulnerability 1, in touch with death 1, no potions
a: no special abilities


You were on level 4 of the Dungeon.
You visited 1 branch of the dungeon, and saw 5 of its levels.

You collected 247 gold pieces.

Inventory:

Hand Weapons
 a - a +0 spear
 k - a +1 halberd (weapon)
Missiles
 c - 4 javelins (quivered)
Armour
 f - a +0 buckler
 g - a +1 cloak (worn)
 i - the +5 scale mail of Limitation (worn) {rF+ rC- Str+3}
   (You found it on level 4 of the Dungeon)

   Str:       It affects your strength (+3).
   rF:        It protects you from fire.
   rC:        It makes you vulnerable to cold.
Jewellery
 b - a ring of fire
 j - a ring of see invisible (right hand)
Scrolls
 e - a scroll of vulnerability
 l - a scroll of identify


   Skills:
 + Level 7.0 Fighting
 - Level 2.4 Polearms
 - Level 2.4 Dodging
 - Level 1.5 Stealth


You had 5 spell levels left.
You didn't know any spells.
Your spell library was empty.

Dungeon Overview and Level Annotations

Branches:
Dungeon (5/15)
 Temple: D:4-7

Altars:
Sif Muna

Annotations:
D:2 exclusion: downstairs


Innate Abilities, Weirdness & Mutations

You are immune to poison.
Your flesh is cold resistant. (rC+)
You are immune to negative energy. (rN+++)
You are immune to unholy pain and torment.
You are vulnerable to heat. (rF-)
You are in touch with the powers of death.
You do not drink.


Message History

The ice beast hits you. The ice beast freezes you!
You hit the ice beast.
The ice beast is moderately wounded.
The ice beast hits you. The ice beast freezes you!
* * * LOW HITPOINT WARNING * * *
The ice beast closely misses you.
Okay, then.
Throw: 3 darts (atropa)
Press: ? - help, Q - select action, (/) - cycle Shift-Dir - straight line, f - ice beast
Aim: an ice beast (moderately wounded, 62% to hit, chance to blind on hit: 41%)
You throw an atropa-tipped dart.
The atropa-tipped dart hits the ice beast.
The ice beast appears confused.
The ice beast is moderately wounded.
Throw: 2 darts (atropa)
Press: ? - help, Q - select action, (/) - cycle Shift-Dir - straight line, f/p - ice beast
Aim: an ice beast (moderately wounded, 62% to hit, chance to blind on hit: 41%)
You throw an atropa-tipped dart.
The atropa-tipped dart completely misses the ice beast.
Throw: dart (atropa)
Press: ? - help, Q - select action, (/) - cycle Shift-Dir - straight line, f/p - ice beast
Aim: an ice beast (moderately wounded, 62% to hit, chance to blind on hit: 27%)
You throw an atropa-tipped dart.
The atropa-tipped dart hits the ice beast.
The ice beast resists.
The ice beast is moderately wounded.
The ice beast hits you but does no damage.
You closely miss the ice beast.
The ice beast is moderately wounded.
The ice beast hits you but does no damage.
You hit the ice beast.
The ice beast is moderately wounded.
The ice beast barely misses you.
You barely miss the ice beast.
The ice beast is moderately wounded.
The ice beast hits you but does no damage.
The ice beast hits you.
* * * LOW HITPOINT WARNING * * *
The ice beast freezes you!
You die...

##### #...# #### #.#.#
...## ######(#.####
....#######(#..Y.#...>###
..............#######...#
.....####.#....Y.#.##.#.#
##..## #.######@#..#...##
#..# #.# #.#.##..#.#
##..# #.# #....#.#..#
....# #.# ##).#.#..######
##..## #.# #...#........#
##...####.#
##..#..######.#
......[...# ##..#.#.# #.#
.....###### #..#.#..# #.#
####.# #.#..##.# #.#


You could see an ice beast.

Vanquished Creatures
  3 hounds
  Jessica (D:2)
  An iguana (D:5)
  6 gnolls
  6 adders
  An ufetubus (D:5)
  2 worms
  2 orcs (D:2)
  4 bats
  7 endoplasms
  2 giant cockroaches
  4 goblins
  A hobgoblin (D:4)
  2 quokkas
  4 ball pythons
  3 frilled lizards
  2 kobolds (D:2)
  A rat (D:2)
52 creatures vanquished.

Notes
Turn   | Place    | Note
-------+----------+-------------------------------------------
     0 | D:1      | concernfroge the Mummy Monk began the quest for the Orb.
     0 | D:1      | Reached XP level 1. HP: 18/18 MP: 1/1
    43 | D:1      | Found a faded altar of an unknown god.
  1098 | D:2      | Noticed Jessica
  1105 | D:2      | Killed Jessica
  1106 | D:2      | Reached skill level 4 in Fighting
  1106 | D:2      | Reached XP level 2. HP: 8/25 MP: 2/2
  1106 | D:2      | Gained mutation: You are in touch with the powers of death.
                  | [Mummy growth]
  1106 | D:2      | Reached XP level 3. HP: 9/30 MP: 3/3
  1815 | D:2      | Found a shimmering blue altar of Sif Muna.
  2260 | D:2      | Reached skill level 5 in Fighting
  2260 | D:2      | Reached XP level 4. HP: 26/39 MP: 4/4
  3236 | D:4      | Reached XP level 5. HP: 38/46 MP: 5/5
  3395 | D:4      | Identified the +5 scale mail of Limitation {rF+ rC- Str+3}
  3529 | D:4      | Reached skill level 6 in Fighting
  4014 | D:5      | Entered Level 5 of the Dungeon
  4176 | D:5      | Reached XP level 6. HP: 43/53 MP: 6/6
  4182 | D:5      | Reached skill level 7 in Fighting
  4265 | D:5      | Noticed an ice beast
  4306 | D:4      | Slain by an ice beast

Illustrated notes

Levels and vault maps discovered:
D:1:      amcnicky_arrival_abandoned_market, layout_basic, serial_rivers,
          chequers_serial_rivers_micro_b, chequers_serial_rivers_micro_a,
          chequers_serial_rivers_marsh, chequers_serial_rivers_small_a,
          chequers_ecumenical_altar_twisty, chequers_garden, bh_walls_and_bars
D:2:      layout_basic, basic_altar, ebering_dispersal_statue_hall,
          hex_intersection, uniq_jessica
D:3:      layout_loops_ring, serial_shops, shop
D:4:      layout_loops_ring, hangedman_abyss_or_decor_slice
D:5:      layout_cave_pools, nicolae_wu_jian_glorious_leap, uniq_ijyb

Skill      XL: |  1  2  3  4  5  6 |
---------------+-------------------+-----
Fighting       | 4 5 6 7 |  7.0
Polearms       | |  2.4
Dodging        | |  2.4
Stealth        | |  1.5

Action                   |  1- 3 |  4- 6 || total
-------------------------+-------+-------++-------
Melee: Spear             |   101 |    58 ||   159
       Halberd           |       |    72 ||    72
Throw: Javelin           |       |     7 ||     7
       Dart              |       |     4 ||     4
  Use: Scroll            |     1 |     8 ||     9
 Stab: Sleeping          |     6 |     2 ||     8
       Distracted        |       |     1 ||     1
       Invisible         |       |     1 ||     1
Armor: Leather armour    |     8 |    17 ||    25
       Robe              |     3 |       ||     3
       Scale mail        |       |    34 ||    34
Dodge: Dodged            |    44 |    86 ||   130
Block: Buckler           |     7 |    10 ||    17
